 Dungeon Crawl Stone Soup version 0.30-a0-177-g1cb5dbfd7a (webtiles) character file.

Game seed: 5411999189974410570

79 lunkers the Cudgeller (level 4, 0/36 HPs)
             Began as a Meteoran Reaver on Oct 3, 2022.
             Was a High Priest of Ignis.
             Slain by an orc
             ... wielding a +0 whip
              (3 damage)
             ... on level 4 of the Dungeon.
             The game lasted 00:03:22 (704 turns).

lunkers the Cudgeller (Meteoran Reaver)              Turns: 704, Time: 00:03:23

Health: 0/36       AC:  4    Str: 15    XL:     4   Next: 94%
Magic:  9/9        EV:  9    Int: 14    God:    Ignis [*****.]
Gold:   56         SH:  0    Dex: 13    Spells: 7/8 levels left

rFire   + . .      SeeInvis .    a - +2 demon blade (freeze)
rCold   . . .      Faith    .    (no shield)
rNeg    . . .      Spirit   .    b - +0 leather armour
rPois   .          Reflect  .    (no helmet)
rElec   .          Harm     .    (no cloak)
rCorr   .          Rampage  .    (no gloves)
Will    .....                    h - +0 pair of boots
Stlth   +.........               (no amulet)
HPRegen 0.26/turn                (no ring)
MPRegen 0.11/turn                (no ring)

@: confused, brilliant, attractive, glowing, constricted
A: sense surroundings 1, otherworldly, glowing, explore regen
a: Renounce Religion, Fiery Armour, Foxfire Swarm, Rising Flame


You were on level 4 of the Dungeon.
You worshipped Ignis.
Ignis was extremely pleased with you.
You visited 1 branch of the dungeon, and saw 4 of its levels.

You collected 56 gold pieces.

Inventory:

Hand Weapons
 a - a +2 demon blade of freezing (weapon)
 d - a +0 mace
 l - the +2 falchion of Qaecsewk {flame, Will+ rCorr Int-3}
   (You found it on level 3 of the Dungeon)

   It burns those it strikes, dealing additional fire damage.
   Big, fiery blades are also staple armaments of hydra-hunters.
   Int:       It affects your intelligence (-3).
   rCorr:     It protects you from acid and corrosion.
   Will:      It increases your willpower.
Armour
 b - a +0 leather armour (worn)
 h - a +0 pair of boots (worn)
Scrolls
 c - 2 scrolls of identify {unknown}
 e - 2 scrolls of teleportation {unknown}
 i - a scroll of immolation {unknown}


   Skills:
 - Level 2.1 Fighting
 * Level 4.3 Long Blades
 - Level 4.4 Maces & Flails
 - Level 2.4 Dodging
 - Level 2.6 Spellcasting
 - Level 3.6 Conjurations


You had 7 spell levels left.
You knew the following spells:

 Your Spells              Type           Power      Damage    Failure   Level
p - Kiss of Death         Conj/Necr      40%        2d8       13%         1

Your spell library contained the following spells:

 Spells                   Type           Power      Damage    Failure   Level
 Momentum Strike          Conj/Tloc      20%        3d8       21%         2
 Hailstorm                Conj/Ice       10%        3d5       36%         3
 Stone Arrow              Conj/Erth      20%        3d8       36%         3
 Blink                    Tloc           4%         N/A       38%         2
 Portal Projectile        Hex/Tloc       4%         N/A       63%         3
 Tukima's Dance           Hex            2%         N/A       63%         3
 Animate Armour           Summ/Erth      4%         N/A       95%         4
 Manifold Assault         Tloc           2%         N/A       95%         4
 Blade Hands              Tmut           1%         N/A       100%        5
 Storm Form               Tmut/Air       1%         N/A       100%        7
 Lehudib's Crystal Spear  Conj/Erth      5%         10d3      100%        8


Dungeon Overview and Level Annotations

Branches:
Dungeon (4/15) Zot: 1676
 Temple: D:4-7

Altars:
Hepliaklqana
Xom
Ignis

Shops:
D:2 (

Annotations:
D:4 Natasha


Innate Abilities, Weirdness & Mutations

You passively map a small area around you.
You are easily found by Zot.
You glow in the dark.
You regain HP and MP as you explore.


Message History

Natasha claws you.
* * * LOW HITPOINT WARNING * * *
The orc hits you but does no damage. The orc wizard barely misses you.
The ball python bites you but does no damage.
The ball python constricts you. Natasha claws you.
* * * LOW HITPOINT WARNING * * *
Unknown command.
You slash the orc wizard! You freeze the orc wizard.
You kill the orc wizard!
The orc hits you but does no damage.
The ball python bites you but does no damage.
The ball python constricts you. Natasha misses you.
Your Long Blades skill increases to level 4!
Unknown command.
You miss Natasha.
You feel less invigorated.
The ball python bites you but does no damage.
The ball python constricts you.
* * * LOW HITPOINT WARNING * * *
The orc hits you with a +0 whip.
* * * LOW HITPOINT WARNING * * *
The orc barely misses you. Natasha misses you.
The ball python bites you but does no damage.
The ball python constricts you. The orc hits you with a +0 whip.
* * * LOW HITPOINT WARNING * * *
The orc completely misses you.
Unknown command.
You bump into the rock wall.
Natasha barely misses you.
The ball python bites you but does no damage.
The ball python constricts you.
* * * LOW HITPOINT WARNING * * *
The orc hits you but does no damage. The orc hits you with a +0 whip.
* * * LOW HITPOINT WARNING * * *
Unknown command.
You bump into the rock wall.
The ball python barely misses you. The ball python constricts you.
Natasha casts a spell at you. The magic dart hits you!
* * * LOW HITPOINT WARNING * * *
The orc misses you. The orc hits you with a +0 whip.
You die...

#......!.......
,
#.)......).....
#..............,
##...........>..
* ,
...........(....
#..............
#.....oSh......
, * ,#...o@# , ,
#######* , * ,
,, * ** ,, * ,
** , ,, *,, * ,
, * *, , , * , ,
,


You could see Natasha, 2 orcs and a ball python.

Vanquished Creatures
  An orc wizard (D:4)
  3 adders
  An orc (D:3)
  2 bats
  A bat zombie (D:2)
  An endoplasm (D:1)
  A goblin (D:2)
  6 hobgoblins
  2 ball pythons (D:2)
  2 frilled lizards (D:1)
  A giant cockroach zombie (D:2)
  4 kobolds
  A rat (D:1)
26 creatures vanquished.

Vanquished Creatures (others)
  A plant (D:3)
  A withered plant (D:2)
2 creatures vanquished.

Grand Total: 28 creatures vanquished

Notes
Turn   | Place    | Note
-------+----------+-------------------------------------------
     0 | D:1      | lunkers the Meteoran Reaver began the quest for the Orb.
     0 | D:1      | Reached XP level 1. HP: 17/17 MP: 5/5
   123 | D:1      | Reached XP level 2. HP: 24/24 MP: 6/6
   140 | D:1      | Reached skill level 1 in Long Blades
   231 | D:2      | Reached XP level 3. HP: 21/29 MP: 8/8
   390 | D:2      | Found Zoseirecw's Weapon Shoppe.
   535 | D:3      | Reached XP level 4. HP: 36/36 MP: 9/9
   549 | D:3      | Found a shimmering altar of Xom.
   551 | D:3      | Found a hazy altar of Hepliaklqana.
   552 | D:3      | Noticed a spectral ugly thing
   614 | D:3      | Found a faded altar of an unknown god.
   620 | D:3      | Prayed at the altar of an unknown god.
   620 | D:3      | Became a worshipper of Ignis, the Dying Flame
   652 | D:3      | Identified the +2 falchion of Qaecsewk {flame, Will+ rCorr
                  | Int-3}
   687 | D:4      | Noticed Natasha
   704 | D:4      | Slain by an orc

Illustrated notes

Levels and vault maps discovered:
D:1:      ncdulo_wetmaze, layout_loops_cross
D:2:      layout_loops_ring, serial_undead, serial_undead_d, serial_undead_e,
          serial_undead_f, serial_undead_b, serial_shops, shop,
          minmay_misc_feat_tower, minmay_quadrilaterals
D:3:      layout_rooms, regret_index_temple_of_mockery,
          shapermc_ecumenical_altar_acropolis, minmay_misc_feat_hallway,
          st_stairs_1, hangedman_decor_push, nicolae_wormholes, uniq_robin
D:4:      layout_rooms, grunt_temple_overflow_cloverleaf,
          ebering_ghost_reflecting_pool, serial_shops,
          nicolae_shop_hallway_plus, uniq_natasha

Skill      XL: |  1  2  3  4 |
---------------+-------------+-----
Long Blades    | 2 3 4 |  4.3
Fighting       | |  2.1
Maces & Flails | |  4.4
Dodging        | |  2.4
Spellcasting   | |  2.6
Conjurations   | |  3.6

Action                   |  1- 3 |  4- 6 || total
-------------------------+-------+-------++-------
Melee: Mace              |     7 |       ||     7
       Demon blade       |    52 |    23 ||    75
  Use: Potion            |       |     4 ||     4
Armor: Leather armour    |    28 |    26 ||    54
Dodge: Dodged            |    39 |    28 ||    67

Table legend: (Time is in decaauts)
 A = Elapsed time spent in this place.
 B = Non-inter-level travel time spent in this place.
 C = Inter-level travel time spent in this place.
 D = Time resting spent in this place.
 E = Time spent auto-exploring this place.
 F = Levels seen in this place.
 G = Mean time per level.
                   A        B        C        D        E       F      G
               +--------+--------+--------+--------+--------+-----+--------+
         Total |    722 |    711 |     11 |      0 |    157 |   4 |  180.5 |
       Dungeon |    722 |    711 |     11 |      0 |    157 |   4 |  180.5 |
               +--------+--------+--------+--------+--------+-----+--------+

Top non-repeatable levels by time:
     D:2: 334 daAuts
     D:1: 209 daAuts
     D:3: 156 daAuts
     D:4: 21 daAuts
